 Dungeon Crawl Stone Soup version 0.28.0 (webtiles) character file.

Game seed: 604109127101268691

1962 Sanktem7 the Protected (level 9, -1/79 HPs)
             Began as a Minotaur Fighter on Feb 9, 2022.
             Was a Believer of Lugonu.
             Slain by Menkaure (14 damage)
             ... on level 6 of the Dungeon.
             The game lasted 00:14:38 (5586 turns).

Sanktem7 the Protected (Minotaur Fighter)           Turns: 5586, Time: 00:14:39

Health: -1/79      AC:  8    Str: 25    XL:     9   Next: 0%
Magic:  8/8        EV: 10    Int:  5    God:    Lugonu [**....]
Gold:   272        SH:  4    Dex: 10    Spells: 8/8 levels left

rFire   . . .      SeeInvis .   t - +0 rapier (distort)
rCold   . . .      Faith    .   c - +0 buckler
rNeg    . . .      Spirit   .   b - +0 scale mail
rPois   .          Reflect  .   (helmet restricted)
rElec   .          Harm     .   (no cloak)
rCorr   .          Rampage  .   (no gloves)
Will    .....                   (no boots)
Stlth   ..........              (no amulet)
HPRegen 0.23/turn               (no ring)
MPRegen 0.11/turn               (no ring)

@: no status effects
A: horns 2, retaliatory headbutt
a: Renounce Religion, Depart the Abyss, Bend Space


You were on level 6 of the Dungeon.
You worshipped Lugonu.
Lugonu was pleased with you.
You visited 1 branch of the dungeon, and saw 6 of its levels.

You collected 272 gold pieces.

Inventory:

Hand Weapons
 a - a +0 long sword
 t - a +0 rapier of distortion (weapon)
Missiles
 j - 5 javelins (quivered)
Armour
 b - a +0 scale mail (worn)
 c - a +0 buckler (worn)
Jewellery
 h - a ring of willpower
 w - a ring of poison resistance
 y - a +4 ring of evasion
Wands
 o - a wand of mindburst (3)
 p - a wand of flame (15)
Scrolls
 e - 2 scrolls of noise {unknown}
 l - 2 scrolls of immolation {unknown}
 m - 4 scrolls of identify {unknown}
 n - 2 scrolls of amnesia {unknown}
 q - a scroll of vulnerability {unknown}
 r - 2 scrolls of magic mapping {unknown}
 s - a scroll of blinking {unknown}
 u - a scroll of fear {unknown}
 v - a scroll of fog {unknown}
Potions
 d - 3 potions of might
 f - a potion of resistance {unknown}
 g - 3 potions of haste {unknown}
 i - a potion of attraction {unknown}
 k - a potion of curing {unknown}
 x - a potion of lignification {unknown}


   Skills:
 * Level 7.1 Fighting
 + Level 2.7(5.8) Short Blades
 * Level 8.8(9.1) Long Blades
 * Level 9.3 Armour
 - Level 1.2 Dodging
 - Level 3.6 Shields


You had 8 spell levels left.
You didn't know any spells.
Your spell library contained the following spells:

 Spells                   Type           Power      Damage    Failure   Level
 Portal Projectile        Hex/Tloc       0%         N/A       99%         3
 Tukima's Dance           Hex            0%         N/A       99%         3
 Anguish                  Hex/Necr       0%         N/A       100%        4
 Blade Hands              Tmut           0%         N/A       100%        5
 Excruciating Wounds      Necr           0%         N/A       100%        5
 Enfeeble                 Hex            0%         N/A       100%        7


Dungeon Overview and Level Annotations

Branches:
Dungeon (6/15)
 Temple: D:4-7

Altars:
Ashenzari
Cheibriados
Hepliaklqana
Okawaru
Qazlal
Ru
Lugonu

Shops:
D:2 !

Portals:
Abyss: D:4

Annotations:
D:2 Hon Hon Hon
D:3 2 transporters, BobtheApe's ghost, amateur KoBr
D:6 Menkaure


Innate Abilities, Weirdness & Mutations

You have a pair of horns on your head.
You reflexively headbutt those who attack you in melee.


Message History

You kill the iguana!
Lugonu accepts your kill.
You see here an iguana corpse.
Found a stone staircase leading down.
You open the door.
There is an open door here.
An ice beast comes into view.
An ice beast is nearby!
Menkaure, Prince of Dust comes into view.
Found a leather armour.
Menkaure shouts!
Menkaure gestures wildly while chanting.
Menkaure seems to speed up.
Found 7 stones.
Menkaure murmurs drily.
Menkaure calls on the powers of darkness!
The ice beast convulses!
Your body is wracked with pain!
Found a mace.
You block the ice beast's attack.
Menkaure calls on the powers of darkness!
The ice beast convulses!
Your body is wracked with pain!
* * * LOW HITPOINT WARNING * * *
You hit the ice beast but do no damage.
The ice beast is severely wounded.
The ice beast blinks!
Unknown command.
You puncture Menkaure!
Menkaure is moderately damaged.
Menkaure blinks!
You block the ice beast's attack.
You hit the ice beast.
Space warps around the ice beast.
You kill the ice beast!
Lugonu accepts your kill.
Menkaure calls on the powers of darkness!
Your body is wracked with pain!
* * * LOW HITPOINT WARNING * * *
You have reached level 9!
Your experience leads to an increase in your attributes!
Increase (S)trength, (I)ntelligence, or (D)exterity?
You feel stronger. x2
Menkaure hits you!
You die...

#.>.......+........
######'####........
#...#########...
#.###...........
#########.###........###
.....................#
.)........##.........#
.......ยง..# #+#######
.......@..# ##....M.#.#
........#.# ........#[.
...(...##### .......
......# ......


You could see Menkaure (fast).

Vanquished Creatures
  Sigmund (D:2)
  An ice beast (D:6)
  An orc warrior (D:6)
  A necrophage (D:3)
  3 black bears
  A hornet zombie (D:4)
  2 ogres
  2 bullfrogs
  2 scorpions (D:5)
  A water moccasin skeleton (D:6)
  A centaur zombie (D:5)
  An orc priest (D:4)
  5 hounds
  A jelly (D:5)
  2 centaur skeletons (D:4)
  A bullfrog skeleton (D:6)
  A scorpion zombie (D:5)
  4 iguanas
  2 orc wizards (D:6)
  7 adders
  A white imp (D:6)
  A worm (D:4)
  2 dart slugs
  11 orcs
  3 endoplasms
  2 giant cockroaches
  8 goblins
  5 hobgoblins
  4 jackals (D:1)
  6 kobolds
  3 quokkas
  5 ball pythons
  5 bats
  2 frilled lizards
  3 rats
101 creatures vanquished.

Notes
Turn   | Place    | Note
-------+----------+-------------------------------------------
     0 | D:1      | Sanktem7 the Minotaur Fighter began the quest for the Orb.
     0 | D:1      | Reached XP level 1. HP: 19/19 MP: 0/0
   291 | D:1      | Reached XP level 2. HP: 23/27 MP: 1/1
   833 | D:2      | Noticed Sigmund
   847 | D:2      | Killed Sigmund
   848 | D:2      | Reached skill level 4 in Armour
   848 | D:2      | Reached XP level 3. HP: 16/35 MP: 2/2
   848 | D:2      | Reached XP level 4. HP: 19/41 MP: 3/3
   848 | D:2      | Reached XP level 5. HP: 21/47 MP: 4/4
  1051 | D:2      | Reached skill level 1 in Dodging
  1066 | D:2      | Reached skill level 5 in Long Blades
  1269 | D:2      | Found a faded altar of an unknown god.
  1310 | D:2      | Found Sohiecurym's Distillery.
  1818 | D:3      | Found a transporter.
  1818 | D:3      | Noticed BobtheApe's ghost (amateur KoBr)
  1864 | D:3      | Reached skill level 5 in Armour
  1958 | D:3      | Found a transporter.
  1977 | D:3      | Found a stormy altar of Qazlal.
  2106 | D:3      | Noticed a necrophage
  2115 | D:3      | Killed a necrophage
  2116 | D:3      | Reached skill level 5 in Fighting
  2116 | D:3      | Reached XP level 6. HP: 40/56 MP: 5/5
  2254 | D:3      | Found a faded altar of an unknown god.
  2258 | D:3      | Found a sacrificial altar of Ru.
  2657 | D:4      | Found a large runed translucent door.
  2657 | D:4      | Found a large runed translucent door.
  2663 | D:4      | Found a corrupted altar of Lugonu.
  2779 | D:4      | Reached skill level 6 in Armour
  2779 | D:4      | Reached XP level 7. HP: 50/61 MP: 6/6
  2886 | D:4      | Found a one-way gate to the infinite horrors of the Abyss.
  2944 | D:4      | Found a hazy altar of Hepliaklqana.
  3566 | D:4      | Became a worshipper of Lugonu the Unformed
  3566 | D:4      | Reached * piety under Lugonu
  3601 | D:5      | Entered Level 5 of the Dungeon
  3733 | D:5      | Reached skill level 7 in Armour
  3937 | D:5      | Reached XP level 8. HP: 68/70 MP: 7/7
  4274 | D:5      | Found an iron altar of Okawaru.
  4596 | D:5      | Reached skill level 1 in Short Blades
  5005 | D:6      | Reached skill level 8 in Armour
  5396 | D:6      | Reached skill level 9 in Armour
  5409 | D:6      | Found a broken altar of Ashenzari.
  5412 | D:6      | Reached ** piety under Lugonu
  5530 | D:6      | Found a snail-covered altar of Cheibriados.
  5578 | D:6      | Noticed Menkaure
  5586 | D:6      | Reached XP level 9. HP: 13/79 MP: 8/8
  5586 | D:6      | Slain by Menkaure

Illustrated notes

Levels and vault maps discovered:
D:1:      minmay_arrival_stone_box, layout_basic
D:2:      layout_basic, shapermc_ecumenical_altar_totnotflames, serial_shops,
          shop, uniq_sigmund
D:3:      layout_rooms, nicolae_overflow_ecumenical_swirl,
          grunt_qazlal_sundering, gammafunk_ghost_stat_death
D:4:      due_chaos_kobolds, layout_gridville, worldfamousw_hep_ancestral_shrine
D:5:      layout_loops_corners, okawaru_trees_2, grunt_ministairs_14,
          minmay_misc_feat_rugged
D:6:      layout_basic, amcnicky_altar_gilded, kennysheep_mini,
          portal_sewer_entry_e, nicolae_shop_overcharged_wands, uniq_menkaure

Skill      XL: |  1  2  3  4  5  6  7  8 |
---------------+-------------------------+-----
Long Blades    | 4 5 6 7 8 |  8.8
Fighting       | 4 5 7 |  7.1
Armour         | 4 5 6 7 9 |  9.3
Dodging        | 1 |  1.2
Short Blades   | 2 |  2.7
Shields        | |  3.6

Action                   |  1- 3 |  4- 6 |  7- 9 || total
-------------------------+-------+-------+-------++-------
Melee: Long sword        |    61 |    89 |    37 ||   187
       Headbutt          |     6 |    11 |    22 ||    39
       Rapier            |       |       |    85 ||    85
Armor: Scale mail        |    45 |    57 |    48 ||   150
Dodge: Dodged            |    47 |    46 |    53 ||   146
Block: Buckler           |    15 |    26 |    32 ||    73
